AoeStats
← Eh Low

Oasis

509957014Analyzed
2v2 RM · 5d ago on Sep 28, 2026· 73m 24s· 4 players
Game mode
Random Map
Map size
Medium (4 player)
Population
200
Speed
Normal
Resources
Standard
Victory
Conquest
Starting age
Dark Age
Ending age
Imperial Age
RankedLock teamsTeams togetherTeam positionsShared explorationLock speedFull tech treeHidden civsTurbo modeCheats
Victory
Defeat
🇧🇪 Khmer · Belgium
846
+15
🇫🇷 Persians · France
846
+15
🇩🇪 Romans · Germany
832
-15
🇩🇪 Turks · Germany
830
-15
Les Goh
5:06 Loom
12:28 Feudal Age
13:22 Man-at-Arms
14:48 Scale Mail Armor
18:54 Wheelbarrow
20:02 Forging
20:34 Double-Bit Axe
20:42 Horse Collar
22:13 Fletching
26:13 Castle Age
26:18 Long Swordsman
28:48 Iron Casting
28:51 Gold Mining
28:54 Stone Mining
30:05 Bow Saw
31:00 Bodkin Arrow
31:35 Hand Cart
31:50 Pikeman
33:04 Chain Mail Armor
35:35 Gold Shaft Mining
35:04 Heavy Plow
40:29 Ballistics
45:14 Squires
49:37 Imperial Age
46:54 Elite Skirmisher
50:21 Ballistas
49:53 Capped Ram
51:04 Conscription
51:12 Comitatenses
50:16 Legionary
50:17 Halberdier
52:45 Chemistry
53:41 Blast Furnace
53:28 Padded Archer Armor
54:13 Heavy Scorpion
57:47 Town Watch
57:32 Elite Centurion
59:33 Leather Archer Armor
59:23 Scale Barding Armor
65:35 Town Patrol
67:47 Caravan
Eh Low
5:38 Loom
14:50 Feudal Age
20:02 Castle Age
17:49 Double-Bit Axe
17:46 Horse Collar
18:55 Stone Mining
19:02 Gold Mining
19:57 Fletching
20:09 Scale Mail Armor
22:21 Bloodlines
22:18 Scale Barding Armor
22:09 Bodkin Arrow
23:09 Squires
24:53 Husbandry
29:09 Chain Barding Armor
36:32 Imperial Age
34:41 Town Watch
35:59 Wheelbarrow
36:21 Town Patrol
37:50 Bow Saw
38:26 Heavy Plow
39:45 Artillery
41:07 Hand Cart
42:19 Forging
42:46 Chain Mail Armor
42:51 Heavy Camel Rider
47:24 Plate Barding Armor
46:58 Capped Ram
49:21 Plate Mail Armor
51:25 Elite Janissary
52:19 Siege Ram
54:30 Conscription
58:18 Sanctity
58:09 Fervor
62:14 Padded Archer Armor
63:51 Bracer
64:07 Leather Archer Armor
69:00 Caravan
SantiDifavara
9:15 Loom
11:50 Feudal Age
13:47 Horse Collar
13:53 Double-Bit Axe
18:28 Gold Mining
18:30 Stone Mining
20:11 Wheelbarrow
22:38 Castle Age
27:01 Bow Saw
26:52 Heavy Plow
31:13 Bloodlines
31:03 Husbandry
36:15 Gold Shaft Mining
36:18 Stone Shaft Mining
38:04 Scale Barding Armor
37:49 Fletching
39:01 Hand Cart
41:04 Chain Barding Armor
40:40 Bodkin Arrow
40:21 Light Cavalry
41:22 Forging
41:09 Bodkin Arrow
44:07 Imperial Age
44:21 Elite Ballista Elephant
45:02 Double Crossbow
46:14 Ballistics
46:54 Chemistry
48:17 Plate Barding Armor
47:43 Bracer
48:19 Iron Casting
47:44 Scale Mail Armor
48:31 Conscription
47:41 Pikeman
48:54 Fortified Wall
48:39 Murder Holes
48:50 Siege Engineers
52:15 Halberdier
52:28 Light Cavalry
53:25 Hussar
54:26 Caravan
56:57 Blast Furnace
56:15 Chain Mail Armor
Sango
10:55 Feudal Age
11:58 Double-Bit Axe
13:20 Man-at-Arms
16:13 Scale Mail Armor
16:59 Horse Collar
22:49 Castle Age
20:37 Town Watch
24:24 Fletching
24:34 Padded Archer Armor
25:04 Town Patrol
25:34 Bow Saw
28:45 Heavy Plow
31:25 Bodkin Arrow
31:41 Forging
31:36 Scale Barding Armor
32:02 Pikeman
32:42 Squires
39:19 Imperial Age
37:14 Crossbowman
39:14 Thumb Ring
39:21 Kamandaran
42:12 Two-Man Saw
45:15 Chemistry
44:35 Ballistics
46:45 Leather Archer Armor
47:05 Iron Casting
55:20 Wheelbarrow
56:06 Caravan
59:11 Crop Rotation
59:49 Murder Holes
60:04 Masonry
64:01 Cavalier
64:42 Husbandry
64:52 Bloodlines
64:03 Light Cavalry
64:09 Light Cavalry
64:59 Bloodlines
64:49 Husbandry
65:29 Conscription
65:20 Citadels
64:31 Elite War Elephant
65:28 Citadels
65:41 Chain Barding Armor
65:36 Chain Mail Armor
66:21 Blast Furnace
65:52 Ring Archer Armor
66:11 Savar
71:27 Plate Barding Armor
71:22 Plate Mail Armor
Connection lost

Rejoining the realm…

Still unreachable

The connection could not be restored.

Session expired

The server has moved on; the page needs a fresh start.